 Dungeon Crawl Stone Soup version 0.25.1-4-g9407a263a5 (webtiles) character file.

Game seed: 8685025847006520680

64 Gabide the Poker (level 3, 0/29 HPs)
             Began as a Demigod Gladiator on Nov 28, 2020.
             Slain by a worm (9 damage)
             ... on level 2 of the Dungeon.
             The game lasted 00:01:54 (1364 turns).

Gabide the Poker (Demigod Gladiator)                Turns: 1364, Time: 00:01:55

Health: 0/29       AC:  5    Str: 19    XL:     3   Next: 64%
Magic:  14/14      EV: 13    Int: 12    God:
Gold:   72         SH:  0    Dex: 17    Spells: 2/2 levels left

rFire    . . .     SeeInvis .   a - +0 trident
rCold    . . .     Gourm    .   (no shield)
rNeg     . . .     Faith    .   b - +0 leather armour
rPois    .         Spirit   .   c - +0 helmet
rElec    .         Reflect  .   (no cloak)
rCorr    .         Harm     .   j - +0 pair of gloves
MR       .....                  (no boots)
Stlth    +.........             (no amulet)
HPRegen  0.09/turn              l - ring of magical power
MPRegen  0.14/turn              (no ring)

@: no status effects
A: high mp 1
a: no special abilities


You were on level 2 of the Dungeon.
You were not hungry.

You visited 1 branch of the dungeon, and saw 2 of its levels.

You collected 72 gold pieces.

Inventory:

Hand Weapons
 a - a +0 trident (weapon)
Missiles
 d - 2 throwing nets (quivered)
Armour
 b - a +0 leather armour (worn)
 c - a +0 helmet (worn)
 j - a +0 pair of gloves (worn)
Jewellery
 l - a ring of magical power (left hand)
Scrolls
 h - 2 scrolls of remove curse
Potions
 e - a potion of stabbing
 g - a potion of lignification {unknown}
 k - 2 potions of curing {unknown}
Comestibles
 f - 3 rations
 i - 5 chunks of flesh


   Skills:
 + Level 2.1 Fighting
 + Level 3.3 Polearms
 + Level 2.0 Throwing
 + Level 1.4 Armour
 + Level 3.0 Dodging


You had 2 spell levels left.
You didn't know any spells.
Your spell library was empty.

Dungeon Overview and Level Annotations

Branches:
Dungeon (2/15)


Innate Abilities, Weirdness & Mutations

You have an increased reservoir of magic. (+10% MP)


Message History

You are too injured to fight recklessly!
You are too injured to fight recklessly!
You are too injured to fight recklessly!
You are too injured to fight recklessly!
You are too injured to fight recklessly!
You are too injured to fight recklessly!
You hit the worm.
The worm is severely wounded.
The bat barely misses you. The worm bites you.
* * * LOW HITPOINT WARNING * * *
You hit the worm.
The worm is severely wounded.
The bat hits you but does no damage. x2
Throwing (i - inventory)
d - 3 throwing nets (quivered)
Press: ? - help, Shift-Dir - straight line, f - bat
Aim: a bat You throw a throwing net.
The throwing net hits the bat.
The bat is caught in the net!
The bat struggles against the net. x2
The worm bites you!
You die...

#.....# #.....#
####.....#
#........###############
#.......................
#.......# ####....######
#.....bw# #...รท<..#
#......@###.##....# #
#............#....# #
#######......#....# #
#......#....### #
#......#......####
#......######.....
#......# #...#. ########
#..#_# #...#.


You could see a worm and a bat (caught).

Vanquished Creatures
  3 gnolls (D:2)
  A worm (D:2)
  A dart slug (D:2)
  5 giant cockroaches
  A goblin (D:2)
  3 hobgoblins (D:1)
  A quokka (D:2)
  4 bats
  3 frilled lizards
  3 kobolds
  6 rats
31 creatures vanquished.

Notes
Turn   | Place    | Note
-------+----------+-------------------------------------------
     0 | D:1      | Gabide the Demigod Gladiator began the quest for the Orb.
     0 | D:1      | Reached XP level 1. HP: 17/17 MP: 3/3
   687 | D:2      | Reached XP level 2. HP: 24/24 MP: 4/4
   704 | D:2      | Found a stormy altar of Qazlal.
   823 | D:2      | Reached skill level 1 in Armour
   845 | D:2      | Reached XP level 3. HP: 11/29 MP: 5/5
  1253 | D:2      | Found a faded altar of an unknown god.
  1364 | D:2      | Slain by a worm

Illustrated notes

Levels and vault maps discovered:
D:1:      minmay_arrival_open_corners, layout_basic, hex_large
D:2:      layout_basic, lemuel_round_altar, chequers_ecumenical_altar_simple

Skill      XL: |  1  2  3 |
---------------+----------+-----
Throwing       | 2 |  2.0
Polearms       | 3 |  3.3
Armour         | 1 |  1.4
Dodging        | 3 |  3.0
Fighting       | 2 |  2.1

Action                   || total
-------------------------++-------
Melee: Trident           ||    88
Throw: Throwing net      ||     1
  Use: Scroll            ||     3
  Eat: Chunk             ||     1
Armor: Leather armour    ||    23
Dodge: Dodged            ||    44
